Connexion

PHILADELPHIA Flyers vs PITTSBURGH Penguins (R5)

Created - 4 août 2023 at 07:35

Goals
1 2 3 T
PHILADELPHIA Flyers 2 1 2 5
PITTSBURGH Penguins 3 1 0 4
Shots
1 2 3 T
PHILADELPHIA Flyers 10 13 11 34
PITTSBURGH Penguins 8 7 15 30

GoalsPenalties
1st period
1. PITTSBURGH Penguins , Connor McDavid 2 (Brad Marchand 4, Oliver Bjorkstrand 2) at 4:32
2. PITTSBURGH Penguins , Ross Colton 1 (Matthew Nieto 1, Jake Gardiner 2) at 14:45
3. PHILADELPHIA Flyers , Austin Czarnik 1 (Calen Addison 4, Pavel Buchnevich 1) at 15:24
4. PITTSBURGH Penguins , Victor Hedman 1 (Gustav Nyquist 2, William Nylander 1) at 16:24
5. PHILADELPHIA Flyers , Jason Zucker 5 (Tj Brodie 2, Austin Czarnik 1) at 17:22 (PP)
Calen Addison (PHI) for Roughing (Minor) at 8:04
Andrei Svechnikov (PIT) for Fighting (Major) at 11:44
Brady Tkachuk (PHI) for Fighting (Major) at 11:44
William Nylander (PIT) for High sticking (Minor) at 11:44
Calen Addison (PHI) for Charging (Minor) at 11:44
Gustav Nyquist (PIT) for Hooking (Minor) at 11:44
Victor Hedman (PIT) for Hooking (Minor) at 16:58
Tj Brodie (PHI) for High sticking (Minor) at 18:59
2nd period
6. PITTSBURGH Penguins , Jake Gardiner 1 (Connor McDavid 3) at 0:04 (PP)
7. PHILADELPHIA Flyers , Brock McGinn 1 (Charlie Coyle 1, Tim Stutzle 1) at 6:31
Jake Gardiner (PIT) for Holding Stick (Minor) at 4:14
Jake Gardiner (PIT) for Interference (Minor) at 7:55
Calen Addison (PHI) for Tripping (Minor) at 18:10
3rd period
8. PHILADELPHIA Flyers , Tj Brodie 1 (Austin Czarnik 2, Calen Addison 5) at 9:58
9. PHILADELPHIA Flyers , Nail Yakupov 1 (Matt Roy 2, Olli Maatta 2) at 11:01
Calen Addison (PHI) for Interference (Minor) at 5:45
Goalie Stats
Igor Shesterkin (PHI), 26 saves from 30 shots - (0,867), W, 2-1-1, 60:00 minutes
Darcy Kuemper (PIT), 29 saves from 34 shots - (0,853), L, 1-1-1, 59:58 minutes
3 StarsOfficial
1 - Austin Czarnik (PHI)
2 - Connor McDavid (PIT)
3 - Ross Colton (PIT)
Referees : Marcus Vinnerberg and Dan Marouelli
Linesman : Don Henderson and Scott Cherrey
Game Note
General Fight at 11:44 of 1st period
Andrei Svechnikov beats up Brady Tkachuk at 11:44 of 1st period
Finance
Level 1 -- Attendance: 4710 (78,50%) -- Ticket Income 673 530 $
Level 2 -- Attendance: 4781 (88,75%) -- Ticket Income 430 290 $
Level 3 -- Attendance: 1918 (95,90%) -- Ticket Income 101 654 $
Level 4 -- Attendance: 3800 (95,00%) -- Ticket Income 133 000 $
Luxury Box -- Attendance: 925 (92,50%) -- Ticket Income 277 500 $
Game was played at the Consol Energy Center.
Total Attendance: 16134 (87,75%)
Total Ticket Income: 1 615 974 $
Other Income: 323 195 $
Total Income: 1 939 169 $



Team Name Goals Shots Shots Attemp Shots Blocked PIM HIT PP PK FO%
PHILADELPHIA Flyers 53467815161 / 4 (25%)142%
PITTSBURGH Penguins 43062515261 / 4 (25%)158%

PHILADELPHIA Flyers
Player Name POS G A P +/- PIM HIT SHT SB MP PP MP PP SHT PK MP PK SHT FO% FOT
Alex PietrangeloD0000001125:392:1104:1400% 0
Austin CzarnikC/RW1231014019:242:3502:510100% 1
Brady TkachukLW000-1511016:001:4700:00050% 2
Brock McGinnLW/RW1011004117:000:0004:1100% 1
Brock NelsonC0002001015:311:4700:00040% 25
Calen AddisonD022-1811018:182:1100:0000% 0
Charlie CoyleC/RW0111010016:440:0004:11045% 31
Jason ZuckerLW/RW101-2006118:232:3510:0000% 0
Joe VelenoC000001006:310:0000:00040% 5
Justin FaulkD0000030022:472:1102:4800% 0
Matt RoyD0112011013:430:0000:3600% 0
Nail YakupovRW101002206:370:0000:0000% 0
Olli MaattaD0112010315:590:0002:4800% 0
Pavel BuchnevichLW/RW0112012014:301:4710:0000% 2
Sean MonahanC000-2014021:372:3522:51044% 32
Tim StutzleC/LW0111014012:100:0000:0000% 0
Tj BrodieD112-1213223:292:1103:3800% 0
Zach PariseC/LW000000006:310:0000:0000% 0
PITTSBURGH Penguins
Player Name POS G A P +/- PIM HIT SHT SB MP PP MP PP SHT PK MP PK SHT FO% FOT
Adam LarssonD000-1060120:321:5802:4300% 0
Alexander BarabanovLW/RW000101007:520:4600:2000% 0
Andrei SvechnikovLW/RW000-1541015:582:5900:0000% 0
Brad MarchandLW/RW0110014026:213:1712:430100% 3
Connor McDavidC1121004025:063:1710:00059% 37
Gustav NyquistC/LW/RW0110203020:202:5912:54046% 13
Jake GardinerD1121424125:534:1841:3100% 0
Jared Spurgeon D000-1001019:321:5811:4300% 0
Justin KloosC/RW000-200105:020:0000:00071% 7
Kevin ConnautonD000-1010012:010:4600:3500% 0
Matthew NietoLW/RW0111010110:200:4602:4800% 0
Milan LucicLW000-200105:020:0000:0000% 0
Oliver Bjorkstrand LW/RW0110022023:383:1700:0000% 0
Ross ColtonC101104208:160:4600:44042% 12
Trevor CarrickD000-1011013:460:4602:2000% 0
Victor HedmanD1011232228:134:1813:5000% 0
Vitali KravtsovRW000-200005:020:0000:0000% 0
William NylanderC/RW0110204018:402:5921:14059% 27



Play-by-Play

1st period


0:01 of 1st period - Sean Monahan wins face-off versus Connor McDavid in neutral zone.
0:06 of 1st period - Shot by Brady Tkachuk.
0:06 of 1st period - Shot Misses the Net.
0:08 of 1st period - Shot by Tj Brodie.
0:08 of 1st period - Stopped by Darcy Kuemper without a rebound.
0:09 of 1st period - William Nylander wins face-off versus Brock Nelson in PITTSBURGH Penguins zone.
0:22 of 1st period - Icing by Justin Faulk.
0:23 of 1st period - Brock Nelson wins face-off versus Ross Colton in PHILADELPHIA Flyers zone.
0:23 of 1st period - Brock Nelson is hit by Ross Colton.
1:46 of 1st period - Tim Stutzle is hit by Victor Hedman and loses puck.
2:01 of 1st period - Shot by Tim Stutzle.
2:01 of 1st period - Shot Blocked by Victor Hedman.
2:03 of 1st period - Shot by Charlie Coyle.
2:03 of 1st period - Deflect By Brock McGinn.
2:03 of 1st period - Stopped by Darcy Kuemper without a rebound.
2:04 of 1st period - Sean Monahan wins face-off versus William Nylander in PITTSBURGH Penguins zone.
2:05 of 1st period - Shot by Calen Addison.
2:05 of 1st period - Stopped by Darcy Kuemper without a rebound.
2:06 of 1st period - Sean Monahan wins face-off versus William Nylander in PITTSBURGH Penguins zone.
2:39 of 1st period - Shot by Sean Monahan.
2:39 of 1st period - Deflect By Jason Zucker.
2:39 of 1st period - Shot Misses the Net.
2:45 of 1st period - Shot by Sean Monahan.
2:45 of 1st period - Stopped by Darcy Kuemper with a rebound.
2:47 of 1st period - Shot by Sean Monahan.
2:47 of 1st period - Deflect By Brady Tkachuk.
2:47 of 1st period - Shot Misses the Net.
3:09 of 1st period - Zach Parise is hit by Jake Gardiner and loses puck.
3:20 of 1st period - Jake Gardiner is hit by Nail Yakupov and loses puck.
4:08 of 1st period - Shot by Brad Marchand.
4:08 of 1st period - Deflect By Connor McDavid.
4:08 of 1st period - Stopped by Igor Shesterkin without a rebound.
4:09 of 1st period - Ross Colton wins face-off versus Brock Nelson in PHILADELPHIA Flyers zone.
4:12 of 1st period - Shot by Alexander Barabanov.
4:12 of 1st period - Deflect By Ross Colton.
4:12 of 1st period - Stopped by Igor Shesterkin without a rebound.
4:13 of 1st period - Connor McDavid wins face-off versus Brady Tkachuk in PHILADELPHIA Flyers zone.
4:30 of 1st period - Shot by Brad Marchand.
4:30 of 1st period - Shot Misses the Net.
4:32 of 1st period - Shot by Connor McDavid.
4:32 of 1st period - Goal by Connor McDavid - PHILADELPHIA Flyers : 0 - PITTSBURGH Penguins : 1.
4:33 of 1st period - Charlie Coyle wins face-off versus Gustav Nyquist in neutral zone.
4:47 of 1st period - Shot by Tim Stutzle.
4:47 of 1st period - Shot Hit the Post.
4:49 of 1st period - Shot by Brock McGinn.
4:49 of 1st period - Shot Misses the Net.
5:27 of 1st period - Sean Monahan is hit by Andrei Svechnikov and loses puck.
6:52 of 1st period - Austin Czarnik is hit by Adam Larsson.
7:13 of 1st period - Shot by Nail Yakupov.
7:13 of 1st period - Shot Misses the Net.
8:04 of 1st period - Minor Penalty to Calen Addison for Roughing.
8:05 of 1st period - Charlie Coyle wins face-off versus William Nylander in PHILADELPHIA Flyers zone.
8:05 of 1st period - Charlie Coyle is hit by Andrei Svechnikov.
8:18 of 1st period - Icing by William Nylander.
8:19 of 1st period - William Nylander wins face-off versus Sean Monahan in PITTSBURGH Penguins zone.
8:36 of 1st period - Shot by Victor Hedman.
8:36 of 1st period - Shot Misses the Net.
8:38 of 1st period - Shot by William Nylander.
8:38 of 1st period - Stopped by Igor Shesterkin without a rebound.
8:39 of 1st period - William Nylander wins face-off versus Charlie Coyle in PHILADELPHIA Flyers zone.
8:52 of 1st period - Shot by Jake Gardiner.
8:52 of 1st period - Shot Misses the Net.
9:41 of 1st period - Alex Pietrangelo is hit by Alexander Barabanov and loses puck.
10:47 of 1st period - Shot by Gustav Nyquist.
10:47 of 1st period - Stopped by Igor Shesterkin without a rebound.
10:48 of 1st period - Connor McDavid wins face-off versus Sean Monahan in PHILADELPHIA Flyers zone.
11:17 of 1st period - Shot by Jason Zucker.
11:17 of 1st period - Stopped by Darcy Kuemper without a rebound.
11:18 of 1st period - William Nylander wins face-off versus Brock Nelson in PITTSBURGH Penguins zone.
11:20 of 1st period - Icing by Jared Spurgeon .
11:21 of 1st period - William Nylander wins face-off versus Brock Nelson in PITTSBURGH Penguins zone.
11:29 of 1st period - Off-side.
11:30 of 1st period - William Nylander wins face-off versus Sean Monahan in neutral zone.
11:44 of 1st period - Andrei Svechnikov beats up Brady Tkachuk.
11:44 of 1st period - Penalty to Andrei Svechnikov for Fighting.
11:44 of 1st period - Penalty to Brady Tkachuk for Fighting.
11:44 of 1st period - Minor Penalty to William Nylander for High sticking.
11:44 of 1st period - Minor Penalty to Calen Addison for Charging.
11:44 of 1st period - Minor Penalty to Gustav Nyquist for Hooking.
11:45 of 1st period - Brad Marchand wins face-off versus Brock Nelson in PITTSBURGH Penguins zone.
12:15 of 1st period - Icing by Tj Brodie.
12:16 of 1st period - Brad Marchand wins face-off versus Brock Nelson in PHILADELPHIA Flyers zone.
12:59 of 1st period - Icing by Tim Stutzle.
13:00 of 1st period - Ross Colton wins face-off versus Charlie Coyle in PHILADELPHIA Flyers zone.
13:57 of 1st period - Shot by William Nylander.
13:57 of 1st period - Shot Blocked by Olli Maatta.
14:22 of 1st period - Off-side.
14:23 of 1st period - Joe Veleno wins face-off versus Ross Colton in neutral zone.
14:43 of 1st period - Shot by Matthew Nieto.
14:43 of 1st period - Shot Misses the Net.
14:45 of 1st period - Shot by Ross Colton.
14:45 of 1st period - Goal by Ross Colton - PHILADELPHIA Flyers : 0 - PITTSBURGH Penguins : 2.
14:46 of 1st period - Justin Kloos wins face-off versus Charlie Coyle in neutral zone.
14:51 of 1st period - Shot by Tim Stutzle.
14:51 of 1st period - Stopped by Darcy Kuemper without a rebound.
14:52 of 1st period - Brock Nelson wins face-off versus Connor McDavid in PITTSBURGH Penguins zone.
15:22 of 1st period - Shot by Austin Czarnik.
15:22 of 1st period - Shot Blocked by Victor Hedman.
15:24 of 1st period - Shot by Austin Czarnik.
15:24 of 1st period - Goal by Austin Czarnik - PHILADELPHIA Flyers : 1 - PITTSBURGH Penguins : 2.
15:25 of 1st period - Sean Monahan wins face-off versus William Nylander in neutral zone.
15:28 of 1st period - Shot by Jason Zucker.
15:28 of 1st period - Shot Misses the Net.
15:37 of 1st period - Off-side.
15:38 of 1st period - Charlie Coyle wins face-off versus Ross Colton in neutral zone.
15:48 of 1st period - Off-side.
15:49 of 1st period - William Nylander wins face-off versus Sean Monahan in neutral zone.
16:16 of 1st period - Shot by Gustav Nyquist.
16:16 of 1st period - Shot Misses the Net.
16:18 of 1st period - Shot by William Nylander.
16:18 of 1st period - Deflect By Gustav Nyquist.
16:18 of 1st period - Shot Misses the Net.
16:20 of 1st period - Shot by Gustav Nyquist.
16:20 of 1st period - Shot Blocked by Jason Zucker.
16:22 of 1st period - Shot by Gustav Nyquist.
16:22 of 1st period - Shot Hit the Post.
16:24 of 1st period - Shot by Victor Hedman.
16:24 of 1st period - Goal by Victor Hedman - PHILADELPHIA Flyers : 1 - PITTSBURGH Penguins : 3.
16:25 of 1st period - Charlie Coyle wins face-off versus Ross Colton in neutral zone.
16:25 of 1st period - Alex Pietrangelo is hit by Ross Colton and loses puck.
16:34 of 1st period - Shot by Brock McGinn.
16:34 of 1st period - Stopped by Darcy Kuemper without a rebound.
16:35 of 1st period - Charlie Coyle wins face-off versus Justin Kloos in PITTSBURGH Penguins zone.
16:54 of 1st period - Shot by Tim Stutzle.
16:54 of 1st period - Stopped by Darcy Kuemper without a rebound.
16:55 of 1st period - Brock Nelson wins face-off versus Connor McDavid in PITTSBURGH Penguins zone.
16:55 of 1st period - Brock Nelson is hit by Victor Hedman.
16:58 of 1st period - Minor Penalty to Victor Hedman for Hooking.
16:59 of 1st period - Sean Monahan wins face-off versus Gustav Nyquist in PITTSBURGH Penguins zone.
17:20 of 1st period - Shot by Tj Brodie.
17:20 of 1st period - Shot Misses the Net.
17:22 of 1st period - Shot by Jason Zucker.
17:22 of 1st period - Goal by Jason Zucker - PHILADELPHIA Flyers : 2 - PITTSBURGH Penguins : 3.
17:23 of 1st period - Charlie Coyle wins face-off versus Connor McDavid in neutral zone.
18:15 of 1st period - Off-side.
18:16 of 1st period - Brock Nelson wins face-off versus Gustav Nyquist in neutral zone.
18:59 of 1st period - Minor Penalty to Tj Brodie for High sticking.
19:00 of 1st period - Connor McDavid wins face-off versus Charlie Coyle in PHILADELPHIA Flyers zone.
19:20 of 1st period - Justin Faulk is hit by Adam Larsson.
19:26 of 1st period - Icing by Jared Spurgeon .
19:27 of 1st period - Austin Czarnik wins face-off versus Connor McDavid in PITTSBURGH Penguins zone.
19:27 of 1st period - Sean Monahan is hit by Adam Larsson and loses puck.
19:33 of 1st period - Off-side.
19:34 of 1st period - Sean Monahan wins face-off versus William Nylander in neutral zone.
19:49 of 1st period - Shot by Jake Gardiner.
19:49 of 1st period - Shot Blocked by Alex Pietrangelo.
19:57 of 1st period - Shot by Jake Gardiner.
19:57 of 1st period - Stopped by Igor Shesterkin without a rebound.
19:58 of 1st period - Connor McDavid wins face-off versus Charlie Coyle in PHILADELPHIA Flyers zone.
Goals for this period are 2 for PHILADELPHIA Flyers vs 3 for PITTSBURGH Penguins.
Shots for this period are 10 for PHILADELPHIA Flyers vs 8 for PITTSBURGH Penguins.

2nd period


0:01 of 2nd period - Connor McDavid wins face-off versus Charlie Coyle in neutral zone.
0:04 of 2nd period - Shot by Jake Gardiner.
0:04 of 2nd period - Goal by Jake Gardiner - PHILADELPHIA Flyers : 2 - PITTSBURGH Penguins : 4.
0:05 of 2nd period - Connor McDavid wins face-off versus Sean Monahan in neutral zone.
0:11 of 2nd period - Oliver Bjorkstrand is hit by Justin Faulk and loses puck.
1:02 of 2nd period - Tj Brodie is hit by Oliver Bjorkstrand and loses puck.
1:21 of 2nd period - Matthew Nieto is hit by Austin Czarnik and loses puck.
1:25 of 2nd period - Icing by Adam Larsson.
1:26 of 2nd period - Ross Colton wins face-off versus Charlie Coyle in PITTSBURGH Penguins zone.
1:26 of 2nd period - Ross Colton is hit by Charlie Coyle.
2:03 of 2nd period - Off-side.
2:04 of 2nd period - Gustav Nyquist wins face-off versus Brock Nelson in neutral zone.
2:23 of 2nd period - Shot by Gustav Nyquist.
2:23 of 2nd period - Stopped by Igor Shesterkin without a rebound.
2:24 of 2nd period - Connor McDavid wins face-off versus Sean Monahan in PHILADELPHIA Flyers zone.
2:24 of 2nd period - Oliver Bjorkstrand is hit by Justin Faulk.
2:58 of 2nd period - Shot by Brad Marchand.
2:58 of 2nd period - Deflect By Connor McDavid.
2:58 of 2nd period - Stopped by Igor Shesterkin without a rebound.
2:59 of 2nd period - William Nylander wins face-off versus Brock Nelson in PHILADELPHIA Flyers zone.
3:01 of 2nd period - Gustav Nyquist is hit by Calen Addison and loses puck.
4:14 of 2nd period - Minor Penalty to Jake Gardiner for Holding Stick.
4:15 of 2nd period - Gustav Nyquist wins face-off versus Sean Monahan in PITTSBURGH Penguins zone.
4:26 of 2nd period - Shot by Sean Monahan.
4:26 of 2nd period - Stopped by Darcy Kuemper without a rebound.
4:27 of 2nd period - Brady Tkachuk wins face-off versus Gustav Nyquist in PITTSBURGH Penguins zone.
4:42 of 2nd period - Shot by Calen Addison.
4:42 of 2nd period - Shot Misses the Net.
5:05 of 2nd period - Icing by Brock Nelson.
5:06 of 2nd period - Brock Nelson wins face-off versus William Nylander in PHILADELPHIA Flyers zone.
5:48 of 2nd period - Adam Larsson is hit by Sean Monahan and loses puck.
6:27 of 2nd period - Shot by Charlie Coyle.
6:27 of 2nd period - Shot Misses the Net.
6:29 of 2nd period - Shot by Charlie Coyle.
6:29 of 2nd period - Shot Hit the Post.
6:31 of 2nd period - Shot by Brock McGinn.
6:31 of 2nd period - Goal by Brock McGinn - PHILADELPHIA Flyers : 3 - PITTSBURGH Penguins : 4.
6:32 of 2nd period - Connor McDavid wins face-off versus Joe Veleno in neutral zone.
7:55 of 2nd period - Minor Penalty to Jake Gardiner for Interference.
7:56 of 2nd period - Gustav Nyquist wins face-off versus Sean Monahan in PITTSBURGH Penguins zone.
9:09 of 2nd period - Shot by Pavel Buchnevich.
9:09 of 2nd period - Stopped by Darcy Kuemper without a rebound.
9:10 of 2nd period - Brock Nelson wins face-off versus Gustav Nyquist in PITTSBURGH Penguins zone.
9:20 of 2nd period - Tj Brodie is hit by Brad Marchand and loses puck.
9:24 of 2nd period - Off-side.
9:25 of 2nd period - Sean Monahan wins face-off versus Gustav Nyquist in neutral zone.
9:32 of 2nd period - Shot by Jason Zucker.
9:32 of 2nd period - Deflect By Sean Monahan.
9:32 of 2nd period - Stopped by Darcy Kuemper without a rebound.
9:33 of 2nd period - Gustav Nyquist wins face-off versus Brock Nelson in PITTSBURGH Penguins zone.
9:43 of 2nd period - Off-side.
9:44 of 2nd period - Gustav Nyquist wins face-off versus Sean Monahan in neutral zone.
10:08 of 2nd period - Shot by Tim Stutzle.
10:08 of 2nd period - Shot Misses the Net.
10:10 of 2nd period - Shot by Matt Roy.
10:10 of 2nd period - Stopped by Darcy Kuemper without a rebound.
10:11 of 2nd period - Sean Monahan wins face-off versus Justin Kloos in PITTSBURGH Penguins zone.
10:12 of 2nd period - Shot by Jason Zucker.
10:12 of 2nd period - Stopped by Darcy Kuemper without a rebound.
10:13 of 2nd period - Connor McDavid wins face-off versus Sean Monahan in PITTSBURGH Penguins zone.
10:17 of 2nd period - Icing by Connor McDavid.
10:18 of 2nd period - Sean Monahan wins face-off versus Connor McDavid in PITTSBURGH Penguins zone.
10:36 of 2nd period - Shot by Sean Monahan.
10:36 of 2nd period - Shot Misses the Net.
10:39 of 2nd period - Icing by Jake Gardiner.
10:40 of 2nd period - Connor McDavid wins face-off versus Brock Nelson in PITTSBURGH Penguins zone.
10:53 of 2nd period - Icing by Pavel Buchnevich.
10:54 of 2nd period - William Nylander wins face-off versus Brock Nelson in PHILADELPHIA Flyers zone.
11:32 of 2nd period - Shot by Pavel Buchnevich.
11:32 of 2nd period - Shot Misses the Net.
11:58 of 2nd period - Shot by Jake Gardiner.
11:58 of 2nd period - Shot Misses the Net.
12:12 of 2nd period - Shot by Jason Zucker.
12:12 of 2nd period - Stopped by Darcy Kuemper without a rebound.
12:13 of 2nd period - Ross Colton wins face-off versus Charlie Coyle in PITTSBURGH Penguins zone.
12:25 of 2nd period - Brock McGinn is hit by Kevin Connauton and loses puck.
12:56 of 2nd period - Charlie Coyle is hit by Trevor Carrick and loses puck.
13:31 of 2nd period - Shot by Sean Monahan.
13:31 of 2nd period - Shot Misses the Net.
13:33 of 2nd period - Shot by Alex Pietrangelo.
13:33 of 2nd period - Shot Misses the Net.
13:57 of 2nd period - Shot by Tj Brodie.
13:57 of 2nd period - Shot Misses the Net.
13:59 of 2nd period - Shot by Tj Brodie.
13:59 of 2nd period - Stopped by Darcy Kuemper without a rebound.
14:00 of 2nd period - William Nylander wins face-off versus Brock Nelson in PITTSBURGH Penguins zone.
14:15 of 2nd period - Shot by Pavel Buchnevich.
14:15 of 2nd period - Stopped by Darcy Kuemper without a rebound.
14:16 of 2nd period - Justin Kloos wins face-off versus Charlie Coyle in PITTSBURGH Penguins zone.
14:45 of 2nd period - Shot by Tim Stutzle.
14:45 of 2nd period - Stopped by Darcy Kuemper without a rebound.
14:46 of 2nd period - William Nylander wins face-off versus Sean Monahan in PITTSBURGH Penguins zone.
15:04 of 2nd period - Icing by Alex Pietrangelo.
15:05 of 2nd period - Sean Monahan wins face-off versus Connor McDavid in PHILADELPHIA Flyers zone.
15:16 of 2nd period - Shot by Jason Zucker.
15:16 of 2nd period - Stopped by Darcy Kuemper without a rebound.
15:17 of 2nd period - William Nylander wins face-off versus Brock Nelson in PITTSBURGH Penguins zone.
15:26 of 2nd period - Icing by Tj Brodie.
15:27 of 2nd period - Brad Marchand wins face-off versus Pavel Buchnevich in PHILADELPHIA Flyers zone.
16:35 of 2nd period - Brady Tkachuk is hit by Adam Larsson.
17:25 of 2nd period - Shot by Justin Kloos.
17:25 of 2nd period - Stopped by Igor Shesterkin without a rebound.
17:26 of 2nd period - Ross Colton wins face-off versus Charlie Coyle in PHILADELPHIA Flyers zone.
17:39 of 2nd period - Shot by Alexander Barabanov.
17:39 of 2nd period - Shot Misses the Net.
17:42 of 2nd period - Icing by Olli Maatta.
17:43 of 2nd period - Justin Kloos wins face-off versus Charlie Coyle in PHILADELPHIA Flyers zone.
17:43 of 2nd period - Justin Kloos is hit by Matt Roy.
17:47 of 2nd period - Shot by Vitali Kravtsov.
17:47 of 2nd period - Shot Misses the Net.
17:52 of 2nd period - Brock McGinn is hit by Victor Hedman and loses puck.
17:56 of 2nd period - Tim Stutzle is hit by Jake Gardiner and loses puck.
18:01 of 2nd period - Shot by Brock McGinn.
18:01 of 2nd period - Stopped by Darcy Kuemper without a rebound.
18:02 of 2nd period - Brock Nelson wins face-off versus Connor McDavid in PITTSBURGH Penguins zone.
18:03 of 2nd period - Shot by Austin Czarnik.
18:03 of 2nd period - Stopped by Darcy Kuemper without a rebound.
18:04 of 2nd period - Brock Nelson wins face-off versus Connor McDavid in PITTSBURGH Penguins zone.
18:10 of 2nd period - Minor Penalty to Calen Addison for Tripping.
18:11 of 2nd period - Connor McDavid wins face-off versus Charlie Coyle in PHILADELPHIA Flyers zone.
19:34 of 2nd period - Shot by Gustav Nyquist.
19:34 of 2nd period - Deflect By William Nylander.
19:34 of 2nd period - Stopped by Igor Shesterkin without a rebound.
19:35 of 2nd period - Sean Monahan wins face-off versus Connor McDavid in PHILADELPHIA Flyers zone.
19:53 of 2nd period - Shot by Connor McDavid.
19:53 of 2nd period - Stopped by Igor Shesterkin with a rebound.
19:55 of 2nd period - Shot by Victor Hedman.
19:55 of 2nd period - Stopped by Igor Shesterkin without a rebound.
19:56 of 2nd period - Charlie Coyle wins face-off versus William Nylander in PHILADELPHIA Flyers zone.
Goals for this period are 1 for PHILADELPHIA Flyers vs 1 for PITTSBURGH Penguins.
Shots for this period are 13 for PHILADELPHIA Flyers vs 7 for PITTSBURGH Penguins.

3rd period


0:01 of 3rd period - Charlie Coyle wins face-off versus Connor McDavid in neutral zone.
0:16 of 3rd period - Shot by William Nylander.
0:16 of 3rd period - Stopped by Igor Shesterkin without a rebound.
0:17 of 3rd period - Connor McDavid wins face-off versus Sean Monahan in PHILADELPHIA Flyers zone.
0:48 of 3rd period - Shot by Sean Monahan.
0:48 of 3rd period - Stopped by Darcy Kuemper with a rebound.
0:56 of 3rd period - Shot by Sean Monahan.
0:56 of 3rd period - Shot Blocked by Jake Gardiner.
0:58 of 3rd period - Shot by Brady Tkachuk.
0:58 of 3rd period - Shot Misses the Net.
1:00 of 3rd period - Shot by Brady Tkachuk.
1:00 of 3rd period - Shot Misses the Net.
1:07 of 3rd period - Icing by Oliver Bjorkstrand .
1:08 of 3rd period - Connor McDavid wins face-off versus Brock Nelson in PITTSBURGH Penguins zone.
1:27 of 3rd period - Shot by Brock Nelson.
1:27 of 3rd period - Stopped by Darcy Kuemper without a rebound.
1:28 of 3rd period - Charlie Coyle wins face-off versus Ross Colton in PITTSBURGH Penguins zone.
1:29 of 3rd period - Shot by Tim Stutzle.
1:29 of 3rd period - Stopped by Darcy Kuemper without a rebound.
1:30 of 3rd period - William Nylander wins face-off versus Charlie Coyle in PITTSBURGH Penguins zone.
1:32 of 3rd period - Icing by Jared Spurgeon .
1:33 of 3rd period - Gustav Nyquist wins face-off versus Sean Monahan in PITTSBURGH Penguins zone.
2:26 of 3rd period - Justin Faulk is hit by Andrei Svechnikov and loses puck.
2:40 of 3rd period - Icing by Victor Hedman.
2:41 of 3rd period - Connor McDavid wins face-off versus Pavel Buchnevich in PITTSBURGH Penguins zone.
3:55 of 3rd period - Shot by Matthew Nieto.
3:55 of 3rd period - Shot Misses the Net.
4:01 of 3rd period - Alexander Barabanov is hit by Tim Stutzle and loses puck.
4:08 of 3rd period - Shot by Brock McGinn.
4:08 of 3rd period - Shot Hit the Post.
4:10 of 3rd period - Shot by Brock McGinn.
4:10 of 3rd period - Shot Blocked by Matthew Nieto.
4:14 of 3rd period - Shot by Brock McGinn.
4:14 of 3rd period - Shot Misses the Net.
4:39 of 3rd period - Shot by Nail Yakupov.
4:39 of 3rd period - Shot Misses the Net.
5:09 of 3rd period - Justin Faulk is hit by Andrei Svechnikov and loses puck.
5:28 of 3rd period - Shot by Andrei Svechnikov.
5:28 of 3rd period - Stopped by Igor Shesterkin without a rebound.
5:29 of 3rd period - Connor McDavid wins face-off versus Sean Monahan in PHILADELPHIA Flyers zone.
5:45 of 3rd period - Minor Penalty to Calen Addison for Interference.
5:46 of 3rd period - Charlie Coyle wins face-off versus William Nylander in PHILADELPHIA Flyers zone.
5:52 of 3rd period - Icing by Jared Spurgeon .
5:53 of 3rd period - Charlie Coyle wins face-off versus Gustav Nyquist in PITTSBURGH Penguins zone.
6:08 of 3rd period - Shot by Gustav Nyquist.
6:08 of 3rd period - Deflect By William Nylander.
6:08 of 3rd period - Shot Blocked by Olli Maatta.
6:10 of 3rd period - Shot by Gustav Nyquist.
6:10 of 3rd period - Stopped by Igor Shesterkin without a rebound.
6:11 of 3rd period - Connor McDavid wins face-off versus Charlie Coyle in PHILADELPHIA Flyers zone.
6:16 of 3rd period - Shot by Jake Gardiner.
6:16 of 3rd period - Stopped by Igor Shesterkin without a rebound.
6:17 of 3rd period - Connor McDavid wins face-off versus Charlie Coyle in PHILADELPHIA Flyers zone.
6:20 of 3rd period - Shot by Brad Marchand.
6:20 of 3rd period - Shot Misses the Net.
6:22 of 3rd period - Shot by Oliver Bjorkstrand .
6:22 of 3rd period - Shot Blocked by Tj Brodie.
6:24 of 3rd period - Shot by Brad Marchand.
6:24 of 3rd period - Shot Misses the Net.
6:26 of 3rd period - Shot by Brad Marchand.
6:26 of 3rd period - Stopped by Igor Shesterkin without a rebound.
6:27 of 3rd period - Charlie Coyle wins face-off versus Connor McDavid in PHILADELPHIA Flyers zone.
6:54 of 3rd period - Shot by Jake Gardiner.
6:54 of 3rd period - Stopped by Igor Shesterkin with a rebound.
7:31 of 3rd period - Shot by Jared Spurgeon .
7:31 of 3rd period - Stopped by Igor Shesterkin without a rebound.
7:32 of 3rd period - Charlie Coyle wins face-off versus William Nylander in PHILADELPHIA Flyers zone.
7:59 of 3rd period - Shot by Justin Kloos.
7:59 of 3rd period - Shot Misses the Net.
8:01 of 3rd period - Shot by Trevor Carrick.
8:01 of 3rd period - Stopped by Igor Shesterkin without a rebound.
8:02 of 3rd period - William Nylander wins face-off versus Sean Monahan in PHILADELPHIA Flyers zone.
8:30 of 3rd period - Icing by Olli Maatta.
8:31 of 3rd period - Sean Monahan wins face-off versus Connor McDavid in PHILADELPHIA Flyers zone.
9:09 of 3rd period - Icing by Olli Maatta.
9:10 of 3rd period - Sean Monahan wins face-off versus William Nylander in PHILADELPHIA Flyers zone.
9:29 of 3rd period - Shot by Pavel Buchnevich.
9:29 of 3rd period - Shot Blocked by Adam Larsson.
9:42 of 3rd period - Shot by Austin Czarnik.
9:42 of 3rd period - Shot Misses the Net.
9:52 of 3rd period - Shot by Austin Czarnik.
9:52 of 3rd period - Shot Misses the Net.
9:54 of 3rd period - Shot by Austin Czarnik.
9:54 of 3rd period - Shot Misses the Net.
9:56 of 3rd period - Shot by Austin Czarnik.
9:56 of 3rd period - Shot Misses the Net.
9:58 of 3rd period - Shot by Tj Brodie.
9:58 of 3rd period - Goal by Tj Brodie - PHILADELPHIA Flyers : 4 - PITTSBURGH Penguins : 4.
9:59 of 3rd period - Connor McDavid wins face-off versus Brock McGinn in neutral zone.
10:02 of 3rd period - Alex Pietrangelo is hit by Oliver Bjorkstrand and loses puck.
10:25 of 3rd period - Shot by Connor McDavid.
10:25 of 3rd period - Deflect By Oliver Bjorkstrand .
10:25 of 3rd period - Stopped by Igor Shesterkin without a rebound.
10:26 of 3rd period - Justin Kloos wins face-off versus Joe Veleno in PHILADELPHIA Flyers zone.
10:35 of 3rd period - Shot by Justin Kloos.
10:35 of 3rd period - Deflect By Milan Lucic.
10:35 of 3rd period - Shot Blocked by Olli Maatta.
11:01 of 3rd period - Shot by Nail Yakupov.
11:01 of 3rd period - Goal by Nail Yakupov - PHILADELPHIA Flyers : 5 - PITTSBURGH Penguins : 4.
11:02 of 3rd period - Connor McDavid wins face-off versus Sean Monahan in neutral zone.
11:02 of 3rd period - Connor McDavid is hit by Brady Tkachuk.
11:18 of 3rd period - Shot by Oliver Bjorkstrand .
11:18 of 3rd period - Stopped by Igor Shesterkin with a rebound.
12:23 of 3rd period - Austin Czarnik is hit by Adam Larsson and loses puck.
12:55 of 3rd period - Icing by Alex Pietrangelo.
12:56 of 3rd period - Brock Nelson wins face-off versus Ross Colton in PHILADELPHIA Flyers zone.
12:56 of 3rd period - Justin Faulk is hit by Ross Colton and loses puck.
13:00 of 3rd period - Icing by Alex Pietrangelo.
13:01 of 3rd period - Brock Nelson wins face-off versus Ross Colton in PHILADELPHIA Flyers zone.
13:01 of 3rd period - Brock Nelson is hit by Ross Colton.
13:04 of 3rd period - Austin Czarnik is hit by Matthew Nieto and loses puck.
13:23 of 3rd period - Kevin Connauton is hit by Justin Faulk.
14:03 of 3rd period - Shot by Brad Marchand.
14:03 of 3rd period - Shot Misses the Net.
14:05 of 3rd period - Shot by Oliver Bjorkstrand .
14:05 of 3rd period - Shot Misses the Net.
14:28 of 3rd period - Icing by Tj Brodie.
14:29 of 3rd period - William Nylander wins face-off versus Sean Monahan in PHILADELPHIA Flyers zone.
14:33 of 3rd period - Gustav Nyquist is hit by Tj Brodie and loses puck.
14:44 of 3rd period - Shot by Andrei Svechnikov.
14:44 of 3rd period - Shot Misses the Net.
15:00 of 3rd period - Shot by Jared Spurgeon .
15:00 of 3rd period - Shot Blocked by Tj Brodie.
15:02 of 3rd period - Shot by Gustav Nyquist.
15:02 of 3rd period - Shot Misses the Net.
15:04 of 3rd period - Shot by Andrei Svechnikov.
15:04 of 3rd period - Shot Misses the Net.
15:06 of 3rd period - Shot by William Nylander.
15:06 of 3rd period - Stopped by Igor Shesterkin without a rebound.
15:07 of 3rd period - Justin Kloos wins face-off versus Charlie Coyle in PHILADELPHIA Flyers zone.
15:16 of 3rd period - Shot by Justin Kloos.
15:16 of 3rd period - Deflect By Milan Lucic.
15:16 of 3rd period - Stopped by Igor Shesterkin without a rebound.
15:17 of 3rd period - Connor McDavid wins face-off versus Joe Veleno in PHILADELPHIA Flyers zone.
15:20 of 3rd period - Shot by Brad Marchand.
15:20 of 3rd period - Stopped by Igor Shesterkin without a rebound.
15:21 of 3rd period - Connor McDavid wins face-off versus Charlie Coyle in PHILADELPHIA Flyers zone.
15:22 of 3rd period - Shot by Brad Marchand.
15:22 of 3rd period - Stopped by Igor Shesterkin with a rebound.
15:28 of 3rd period - Shot by Brad Marchand.
15:28 of 3rd period - Stopped by Igor Shesterkin with a rebound.
15:30 of 3rd period - Shot by Oliver Bjorkstrand .
15:30 of 3rd period - Deflect By Brad Marchand.
15:30 of 3rd period - Shot Blocked by Brock McGinn.
15:32 of 3rd period - Shot by Jake Gardiner.
15:32 of 3rd period - Shot Misses the Net.
15:40 of 3rd period - Shot by Connor McDavid.
15:40 of 3rd period - Shot Misses the Net.
15:42 of 3rd period - Shot by Brad Marchand.
15:42 of 3rd period - Shot Misses the Net.
15:50 of 3rd period - Shot by Alex Pietrangelo.
15:50 of 3rd period - Stopped by Darcy Kuemper without a rebound.
15:51 of 3rd period - William Nylander wins face-off versus Brock Nelson in PITTSBURGH Penguins zone.
15:51 of 3rd period - William Nylander is hit by Pavel Buchnevich.
16:11 of 3rd period - Shot by Austin Czarnik.
16:11 of 3rd period - Stopped by Darcy Kuemper without a rebound.
16:12 of 3rd period - Joe Veleno wins face-off versus Connor McDavid in PITTSBURGH Penguins zone.
16:13 of 3rd period - Shot by Nail Yakupov.
16:13 of 3rd period - Stopped by Darcy Kuemper with a rebound.
16:41 of 3rd period - Shot by Oliver Bjorkstrand .
16:41 of 3rd period - Shot Misses the Net.
16:51 of 3rd period - Brad Marchand is hit by Joe Veleno and loses puck.
17:23 of 3rd period - Shot by Jason Zucker.
17:23 of 3rd period - Shot Misses the Net.
17:43 of 3rd period - Shot by Jason Zucker.
17:43 of 3rd period - Shot Misses the Net.
17:45 of 3rd period - Shot by Brady Tkachuk.
17:45 of 3rd period - Stopped by Darcy Kuemper without a rebound.
17:46 of 3rd period - Charlie Coyle wins face-off versus William Nylander in PITTSBURGH Penguins zone.
17:46 of 3rd period - Charlie Coyle is hit by Adam Larsson.
18:42 of 3rd period - Justin Kloos is hit by Olli Maatta and loses puck.
19:30 of 3rd period - Shot by Austin Czarnik.
19:30 of 3rd period - Stopped by Darcy Kuemper without a rebound.
19:31 of 3rd period - Connor McDavid wins face-off versus Sean Monahan in PITTSBURGH Penguins zone.
19:31 of 3rd period - Brad Marchand is hit by Nail Yakupov and loses puck.
19:36 of 3rd period - Shot by Jason Zucker.
19:36 of 3rd period - Stopped by Darcy Kuemper without a rebound.
19:37 of 3rd period - Sean Monahan wins face-off versus Connor McDavid in PITTSBURGH Penguins zone.
19:58 of 3rd period - PITTSBURGH Penguins, Darcy Kuemper is pulled from the net.
19:58 of 3rd period - Shot by Connor McDavid.
19:58 of 3rd period - Shot Misses the Net.
Goals for this period are 2 for PHILADELPHIA Flyers vs 0 for PITTSBURGH Penguins.
Shots for this period are 11 for PHILADELPHIA Flyers vs 15 for PITTSBURGH Penguins.